AAA WEST
OKLAHOMA CITY DODGERS @ LAS VEGAS AVIATORS
04/30/2042
 
TOP OF THE 1ST
Oklahoma City Dodgers batting - Pitching for Las Vegas Aviators : LHP Jesús Romo
Pitching: LHP Jesús Romo
Batting: RHB Jim Coleman 0-0: Called Strike
0-1: Swinging Strike
0-2: Ball
1-2: Strikes out looking
Batting: RHB Steve Kent 0-0: Ball
1-0: Called Strike
1-1: Ground out 6-3 (Groundball, 6, EV 83.1 MPH)
Batting: RHB Ron Richardson 0-0: Ground out 6-3 (Groundball, 6, EV 98.8 MPH)
Top of the 1st over - 0 runs, 0 hits, 0 errors, 0 left on base; Oklahoma City 0 - Las Vegas 0
BOTTOM OF THE 1ST
Las Vegas Aviators batting - Pitching for Oklahoma City Dodgers : RHP Anastasio González
Pitching: RHP Anastasio González
Batting: RHB Luis De La Cruz 0-0: Ball
1-0: Ground out 6-3 (Groundball, 6, EV 94.4 MPH)
Batting: RHB Ernesto Peña 0-0: Foul Ball, location: 7LSF
0-1: SINGLE (Line Drive, 7S, EV 107.5 MPH)
Batting: RHB Danny Adkins 0-0: Foul Ball, location: 5DF
0-1: Ball
1-1: Fly out, F6 (Popup, P, EV 83.8 MPH)
Batting: SHB Jimmy Beard 0-0: Ball
1-0: Ball
2-0: Called Strike
2-1: Called Strike
2-2: Strikes out swinging
Bottom of the 1st over - 0 runs, 1 hit, 0 errors, 1 left on base; Oklahoma City 0 - Las Vegas 0
TOP OF THE 2ND
Oklahoma City Dodgers batting - Pitching for Las Vegas Aviators : LHP Jesús Romo
Batting: RHB Po-sin Song 0-0: Called Strike
0-1: Ball
1-1: Ball
2-1: Ground out 6-3 (Groundball, 56, EV 105.6 MPH)
Batting: RHB Chad Snow 0-0: Ball
1-0: Called Strike
1-1: Swinging Strike
1-2: Ball
2-2: Ball
3-2: Foul Ball, location: 2F
3-2: Strikes out swinging
Batting: RHB Geoff French 0-0: Ball
1-0: Ball
2-0: Ground out 4-3 (Groundball, 4, EV 106.9 MPH)
Top of the 2nd over - 0 runs, 0 hits, 0 errors, 0 left on base; Oklahoma City 0 - Las Vegas 0
BOTTOM OF THE 2ND
Las Vegas Aviators batting - Pitching for Oklahoma City Dodgers : RHP Anastasio González
Batting: LHB Dane Edgar 0-0: Ball
1-0: Fly out, F8 (Flyball, 8LM, EV 87.5 MPH)
Batting: RHB Chris Walker 0-0: Called Strike
0-1: Ball
1-1: Ball
2-1: Called Strike
2-2: Foul Ball, location: 2F
2-2: Strikes out looking
Batting: LHB Doug Park 0-0: Foul Ball, location: 25F
0-1: Called Strike
0-2: Ball
1-2: Ball
2-2: Foul Ball, location: 9LMF
2-2: Foul Ball, location: 2F
2-2: Foul Ball, location: 3FF
2-2: Ball
3-2: Foul Ball, location: 25FF
3-2: Base on Balls
Batting: SHB Mitch Wagner 0-0: Ball
1-0: Ball
2-0: Foul Ball, location: 25F
2-1: Foul Ball, location: 2F
2-2: Foul Ball, location: 9LDF
2-2: Ball
3-2: Ground out U3 (Groundball, 3, EV 90.0 MPH)
Bottom of the 2nd over - 0 runs, 0 hits, 0 errors, 1 left on base; Oklahoma City 0 - Las Vegas 0
TOP OF THE 3RD
Oklahoma City Dodgers batting - Pitching for Las Vegas Aviators : LHP Jesús Romo
Batting: RHB Chet Fields 0-0: Ball
1-0: Ball
2-0: Foul Ball, location: 5F
2-1: Fly out, F7 (Flyball, 78S, EV 95.6 MPH)
Batting: SHB Scotty McCauley 0-0: Ball
1-0: Swinging Strike
1-1: Ball
2-1: Fly out, F9 (Flyball, 9S, EV 92.5 MPH)
Batting: RHB Edwin Carlton 0-0: Foul Ball, location: 2LF
0-1: Swinging Strike
0-2: Foul Ball, location: 9LMF
0-2: Single, Error in OF, E8, batter to second base (Groundball, 6MD, EV 96.9 MPH)
Batting: RHB Jim Coleman 0-0: Ball
1-0: Fly out, F8 (Flyball, 8RS, EV 85.6 MPH)
Top of the 3rd over - 0 runs, 1 hit, 1 error, 1 left on base; Oklahoma City 0 - Las Vegas 0
BOTTOM OF THE 3RD
Las Vegas Aviators batting - Pitching for Oklahoma City Dodgers : RHP Anastasio González
Batting: RHB Ed Brown 0-0: Ball
1-0: Called Strike
1-1: Swinging Strike
1-2: Strikes out swinging
Batting: RHB Luis De La Cruz 0-0: Ball
1-0: Called Strike
1-1: Foul Ball, location: 9LMF
1-2: Ball
2-2: Ball
3-2: Strikes out swinging
Batting: RHB Ernesto Peña 0-0: Ball
1-0: Ball
2-0: Ball
3-0: Called Strike
3-1: Base on Balls
Batting: RHB Danny Adkins 0-0: Called Strike
0-1: Ball
1-1: Called Strike
1-2: Foul Ball, location: 3F
1-2: Fly out, F7 (Flyball, 78D, EV 93.8 MPH)
Bottom of the 3rd over - 0 runs, 0 hits, 0 errors, 1 left on base; Oklahoma City 0 - Las Vegas 0
TOP OF THE 4TH
Oklahoma City Dodgers batting - Pitching for Las Vegas Aviators : LHP Jesús Romo
Batting: RHB Steve Kent 0-0: Ball
1-0: Called Strike
1-1: DOUBLE (Flyball, 89D, EV 106.9 MPH)
Batting: RHB Ron Richardson 0-0: Called Strike
0-1: Foul Ball, location: 9LDF
0-2: Ball
1-2: Foul Ball, location: 2RF
1-2: Ball
2-2: Foul Ball, location: 7LSFF
2-2: Strikes out swinging
Batting: RHB Po-sin Song 0-0: Ball
1-0: Ground out 4-3 (Groundball, 4, EV 98.1 MPH)
Steve Kent to third
Batting: RHB Chad Snow 0-0: Swinging Strike
0-1: Called Strike
0-2: Strikes out swinging
Top of the 4th over - 0 runs, 1 hit, 0 errors, 1 left on base; Oklahoma City 0 - Las Vegas 0
BOTTOM OF THE 4TH
Las Vegas Aviators batting - Pitching for Oklahoma City Dodgers : RHP Anastasio González
Batting: SHB Jimmy Beard 0-0: Ball
1-0: Ball
2-0: Ball
3-0: Base on Balls
Batting: LHB Dane Edgar 0-0: Ball
1-0: Called Strike
1-1: Foul Ball, location: 23FF
1-2: Ball
2-2: Foul Ball, location: 25F
2-2: Foul Ball, location: 2F
2-2: Foul Ball, location: 5DF
2-2: Foul Ball, location: 3FF
2-2: Foul Ball, location: 25F
2-2: Foul Ball, location: 2F
2-2: Ball
3-2: Foul Ball, location: 3F
3-2: DOUBLE (Line Drive, 89D, EV 103.8 MPH)
Jimmy Beard to third
Batting: RHB Chris Walker 0-0: Ball
1-0: Called Strike
1-1: Swinging Strike
1-2: Strikes out swinging
Batting: LHB Doug Park 0-0: Ball
1-0: Ball
2-0: Foul Ball, location: 7LSF
2-1: Foul Ball, location: 7LDF
2-2: Foul Ball, location: 3F
2-2: Foul Ball, location: 2F
2-2: Ground out 4-3 (Groundball, 4, EV 104.4 MPH)
Batting: SHB Mitch Wagner 0-0: Ball
1-0: Ball
2-0: Ball
3-0: Base on Balls
Batting: RHB Ed Brown 0-0: Foul Ball, location: 25F
0-1: Ball
1-1: Foul Ball, location: 23FF
1-2: Ball
2-2: Fly out, F9 (Flyball, 9S, EV 78.1 MPH)
Bottom of the 4th over - 0 runs, 1 hit, 0 errors, 3 left on base; Oklahoma City 0 - Las Vegas 0
TOP OF THE 5TH
Oklahoma City Dodgers batting - Pitching for Las Vegas Aviators : LHP Jesús Romo
Batting: RHB Geoff French 0-0: Ground out 5-3 (Groundball, 56, EV 86.3 MPH)
Batting: RHB Chet Fields 0-0: Ball
1-0: Ground out 4-3 (Groundball, 13, EV 90.6 MPH)
Batting: SHB Scotty McCauley 0-0: Foul Ball, location: 2F
0-1: Ball
1-1: Ball
2-1: Ground out 6-3 (Groundball, 6, EV 89.4 MPH)
Top of the 5th over - 0 runs, 0 hits, 0 errors, 0 left on base; Oklahoma City 0 - Las Vegas 0
BOTTOM OF THE 5TH
Las Vegas Aviators batting - Pitching for Oklahoma City Dodgers : RHP Anastasio González
Batting: RHB Luis De La Cruz 0-0: Fly out, F6 (Line Drive, 6, EV 71.3 MPH)
Batting: RHB Ernesto Peña 0-0: SINGLE (Line Drive, 8LS, EV 105.0 MPH)
Batting: RHB Danny Adkins 0-0: Ball
1-0: Called Strike
1-1: Ball
2-1: Foul Ball, location: 3F
2-2: Fly out, F7 (Flyball, 78XD, EV 99.4 MPH)
Batting: SHB Jimmy Beard 0-0: Called Strike
0-1: Foul Ball, location: 9LMFF
0-2: Ball
1-2: Foul Ball, location: 2F
1-2: Foul Ball, location: 7LMF
1-2: SINGLE (Groundball, 6MD, EV 107.5 MPH)
Ernesto Peña to second
Pitching: RHP Luis Negrete
Batting: LHB Dane Edgar 0-0: Called Strike
0-1: Ball
1-1: Ball
2-1: Ball
3-1: Foul Ball, location: 2F
3-2: Strikes out swinging
Bottom of the 5th over - 0 runs, 2 hits, 0 errors, 2 left on base; Oklahoma City 0 - Las Vegas 0
TOP OF THE 6TH
Oklahoma City Dodgers batting - Pitching for Las Vegas Aviators : LHP Jesús Romo
Batting: RHB Edwin Carlton 0-0: Ball
1-0: SINGLE (Groundball, 4MD, EV 102.5 MPH)
Batting: RHB Jim Coleman 0-0: Ball
1-0: Called Strike
1-1: Swinging Strike
1-2: Ball
2-2: Foul Ball, location: 2F
2-2: Ball
3-2: Grounds into double play, 5-4-3 (Groundball, 56S, EV 78.8 MPH)
Batting: RHB Steve Kent 0-0: Called Strike
0-1: Ball
1-1: DOUBLE (Flyball, 8RXD, EV 95.0 MPH)
Batting: RHB Ron Richardson 0-0: Swinging Strike
0-1: Ball
1-1: Foul Ball, location: 9LDF
1-2: Ball
2-2: Fly out, F7 (Flyball, 78D, EV 81.9 MPH)
Top of the 6th over - 0 runs, 2 hits, 0 errors, 1 left on base; Oklahoma City 0 - Las Vegas 0
BOTTOM OF THE 6TH
Las Vegas Aviators batting - Pitching for Oklahoma City Dodgers : RHP Luis Negrete
Batting: RHB Chris Walker 0-0: Ball
1-0: Called Strike
1-1: Foul Ball, location: 2RF
1-2: Fly out, F7 (Flyball, 7LM, EV 90.0 MPH)
Batting: LHB Doug Park 0-0: Called Strike
0-1: Ball
1-1: Foul Ball, location: 2F
1-2: Foul Ball, location: 3SF
1-2: Foul Ball, location: 2F
1-2: Fly out, F9 (Flyball, 9D, EV 93.1 MPH)
Batting: SHB Mitch Wagner 0-0: Called Strike
0-1: Called Strike
0-2: Ball
1-2: Fly out, F7 (Flyball, 78M, EV 80.6 MPH)
Bottom of the 6th over - 0 runs, 0 hits, 0 errors, 0 left on base; Oklahoma City 0 - Las Vegas 0
TOP OF THE 7TH
Oklahoma City Dodgers batting - Pitching for Las Vegas Aviators : LHP Jesús Romo
Batting: RHB Po-sin Song 0-0: Ball
1-0: Ball
2-0: Ground out 5-3 (Groundball, 56S, EV 88.8 MPH)
Batting: RHB Chad Snow 0-0: Called Strike
0-1: Ground out 6-3 (Groundball, 6S, EV 63.1 MPH)
Batting: RHB Geoff French 0-0: Called Strike
0-1: Swinging Strike
0-2: Ball
1-2: Ball
2-2: DOUBLE (Line Drive, 78M, EV 105.0 MPH)
Batting: RHB Chet Fields 0-0: Ball
1-0: DOUBLE (Line Drive, 78XD, EV 101.3 MPH)
Geoff French scores
Batting: SHB Scotty McCauley 0-0: Fly out, F9 (Flyball, 9, EV 95.6 MPH)
Top of the 7th over - 1 run, 2 hits, 0 errors, 1 left on base; Oklahoma City 1 - Las Vegas 0
BOTTOM OF THE 7TH
Las Vegas Aviators batting - Pitching for Oklahoma City Dodgers : RHP Luis Negrete
Batting: RHB Ed Brown 0-0: Swinging Strike
0-1: Ball
1-1: Swinging Strike
1-2: Ground out 5-3 (Groundball, 56, EV 83.8 MPH)
Pinch Hitting: LHB António González 0-0: Called Strike
0-1: Ball
1-1: SOLO HOME RUN (Flyball, 9D, EV 98.8 MPH), Distance : 382 ft
Batting: RHB Ernesto Peña 0-0: Ground out 6-3 (Groundball, 6, EV 89.4 MPH)
Batting: RHB Danny Adkins 0-0: Ball
1-0: Single, Error in OF, E8, batter to second base (Groundball, 6MD, EV 87.5 MPH)
Batting: SHB Jimmy Beard 0-0: Ball
1-0: Swinging Strike
1-1: Ball
2-1: Swinging Strike
2-2: Ball
3-2: Base on Balls
Batting: LHB Dane Edgar 0-0: Called Strike
0-1: Foul Ball, location: 3FF
0-2: Ball
1-2: Ball
2-2: Foul Ball, location: 23FF
2-2: Ball
3-2: Fly out, F7 (Flyball, 7LMF, EV 95.6 MPH)
Bottom of the 7th over - 1 run, 2 hits, 1 error, 2 left on base; Oklahoma City 1 - Las Vegas 1
TOP OF THE 8TH
Oklahoma City Dodgers batting - Pitching for Las Vegas Aviators : LHP Jesús Romo
Now in CF: Caleb Banks
Batting: RHB Edwin Carlton 0-0: Ball
1-0: Ball
2-0: Called Strike
2-1: Ball
3-1: Swinging Strike
3-2: SINGLE (Line Drive, 89S, EV 88.1 MPH)
Batting: RHB Jim Coleman 0-0: Swinging Strike
0-1: Grounds into double play, 6-4-3 (Groundball, 6, EV 103.8 MPH)
Batting: RHB Steve Kent 0-0: Called Strike
0-1: Called Strike
0-2: Ball
1-2: Foul Ball, location: 5FF
1-2: Ground out 6-3 (Groundball, 6MD, EV 99.4 MPH)
Top of the 8th over - 0 runs, 1 hit, 0 errors, 0 left on base; Oklahoma City 1 - Las Vegas 1
BOTTOM OF THE 8TH
Las Vegas Aviators batting - Pitching for Oklahoma City Dodgers : RHP Luis Negrete
Pinch Hitting: LHB Cristóbal Díaz 0-0: Ball
1-0: Ball
2-0: Called Strike
2-1: Ground out U3 (Groundball, 13, EV 87.5 MPH)
Batting: LHB Doug Park 0-0: Called Strike
0-1: Called Strike
0-2: DOUBLE (Line Drive, 9LM, EV 111.3 MPH)
Batting: SHB Mitch Wagner 0-0: Intentional Walk
Pinch Hitting: SHB Damian Bell 0-0: Called Strike
0-1: Ball
1-1: Ball
2-1: Grounds into double play, 6-4-3 (Groundball, 6, EV 87.5 MPH)
Bottom of the 8th over - 0 runs, 1 hit, 0 errors, 1 left on base; Oklahoma City 1 - Las Vegas 1
TOP OF THE 9TH
Oklahoma City Dodgers batting - Pitching for Las Vegas Aviators : LHP Jesús Romo
Now at C: Geomar Josi
Now at 2B: Dane Edgar
Now at SS: Mitch Wagner
Now in LF: Jesús Alvarado
Batting: RHB Ron Richardson 0-0: Called Strike
0-1: Swinging Strike
0-2: Ball
1-2: SINGLE (Line Drive, 34D, EV 96.9 MPH)
Batting: RHB Po-sin Song 0-0: Ball
1-0: Ball
2-0: Ball
3-0: Called Strike
3-1: Base on Balls
Ron Richardson to second
Batting: RHB Chad Snow 0-0: Ball
1-0: Fly out, F9 (Flyball, 89D, EV 110.6 MPH)
Runner from 2nd tags up, SAFE at 3rd, no throw by RF
Pitching: RHP Zander Sanders
Pinch Hitting: LHB Bob Hamilton 0-0: Ball
Passed Ball!
Ron Richardson scores
Po-sin Song to second
1-0: Foul Ball, location: 7LMF
1-1: Swinging Strike
1-2: Ball
2-2: Strikes out swinging
Batting: RHB Chet Fields 0-0: Ball
1-0: Called Strike
1-1: Ball
2-1: Called Strike
2-2: Fly out, F7 (Flyball, 7, EV 89.4 MPH)
Top of the 9th over - 1 run, 1 hit, 0 errors, 1 left on base; Oklahoma City 2 - Las Vegas 1
BOTTOM OF THE 9TH
Las Vegas Aviators batting - Pitching for Oklahoma City Dodgers : RHP Luis Negrete
Pitching: RHP Raúl Guardado
Now in LF: Bob Hamilton
Now in CF: Scotty McCauley
Now in RF: Josh Dixon
Batting: LHB Caleb Banks 0-0: Called Strike
0-1: Ball
1-1: SINGLE (Line Drive, 56, EV 101.9 MPH)
Batting: RHB Ernesto Peña 0-0: SINGLE (Line Drive, 56D, EV 102.5 MPH)
Caleb Banks to second
Batting: RHB Danny Adkins 0-0: Called Strike
0-1: Foul Ball, location: 2F
0-2: Strikes out swinging
Batting: SHB Jimmy Beard 0-0: Ball
1-0: Ball
2-0: Ball
3-0: Base on Balls
Caleb Banks to third
Ernesto Peña to second
Batting: LHB Dane Edgar 0-0: SINGLE (Groundball, 4MD, EV 103.1 MPH)
Caleb Banks scores
Ernesto Peña to third
Jimmy Beard to second
Runner from 3rd tries for Home, SAFE, throw by CF to home
Bottom of the 9th over - 2 runs, 3 hits, 0 errors, 2 left on base; Oklahoma City 2 - Las Vegas 3
Friday, May 3rd , 2024 - OOTP Baseball 24.10 Build 82